[Event "Titled Tuesday Blitz February 28 Early 2023"]
[White "Arabidze, Meri"]
[Black "Molina, Roberto Junio Brito"]
[WhiteFideId "13604040"]
[BlackFideId "2109450"]
[WhiteElo "2405"]
[BlackElo "2376"]
[Result "1/2-1/2"]
[Round "03"]
[TimeControl "180+2"]
[Date "2023.02.28"]
[WhiteClock "0:00:06"]
[BlackClock "0:00:04"]

1. d4 d5 2. Nf3 Nf6 3. c4 e6 4. Bg5 Be7 5. Nc3 O-O 6. e3 Nbd7 7. Qc2 c6 8. Rd1 a6 9. c5 b6 10. b4 a5 11. a3 axb4 12. axb4 bxc5 13. bxc5 Ba6 14. Bxa6 Rxa6 15. O-O Nh5 16. Bxe7 Qxe7 17. Ra1 Rfa8 18. Qb2 Qd8 19. Rxa6 Rxa6 20. Qb7 Ra3 21. Nb1 Ra1 22. Qxc6 Nhf6 23. h3 h6 24. Nbd2 Ra2 25. Rb1 Qa5 26. Qb7 Rc2 27. c6 Nf8 28. Qb6 Qc3 29. Qd8 Qxc6 30. Rb8 Rc1+ 31. Kh2 Qc7+ 32. Qxc7 Rxc7 33. Ne5 g5 34. Nb3 Kg7 35. Nc5 Ng6 36. Nxg6 Kxg6 37. f3 Ra7 38. Kg3 Nh5+ 39. Kh2 Kg7 40. Rb7 Rxb7 41. Nxb7 Kf6 42. Nc5 Ke7 43. g4 Ng7 44. Kg3 Kd6 45. h4 f6 46. Nd3 Kc6 47. f4 gxh4+ 48. Kxh4 Kb5 49. Nc5 Kc4 50. Nd7 Kd3 51. Nxf6 Kxe3 52. g5 hxg5+ 53. fxg5 Kxd4 54. g6 Ke5 55. Kg5 d4 56. Ng4+ Kd6 57. Kf6 Nh5+ 58. Kf7 e5 59. Nf6 d3 60. Nxh5 d2 61. g7 d1=Q 62. Nf6 Qb3+ 63. Kg6 Qg3+ 64. Kf7 Qb3+ 65. Kg6 Qc2+ 66. Kf7 Qa2+ 67. Kg6 Qb1+ 68. Kf7 Qg1 69. g8=Q Qxg8+ 70. Kxg8 Ke6 71. Kg7 Kf5 72. Kf7 e4 73. Nxe4 1/2-1/2


[Site "https://www.chess.com"]

[Event "Titled Tuesday Blitz February 28 Early 2023"]
[White "Neiksans, Arturs"]
[Black "Koellner, Ruben Gideon"]
[WhiteFideId "11601388"]
[BlackFideId "12993093"]
[WhiteElo "2497"]
[BlackElo "2303"]
[Result "1-0"]
[Round "03"]
[TimeControl "180+2"]
[Date "2023.02.28"]
[WhiteClock "0:01:08"]
[BlackClock "0:00:01"]

1. Nf3 Nf6 2. g3 d5 3. Bg2 Nbd7 4. d4 e6 5. O-O b5 6. a4 b4 7. c4 bxc3 8. Nxc3 a5 9. Bf4 c6 10. e4 Ba6 11. Re1 Bb4 12. Ne5 Nxe5 13. dxe5 Nd7 14. exd5 cxd5 15. Bxd5 exd5 16. e6 O-O 17. exd7 Bxc3 18. bxc3 Qxd7 19. Be5 Bc4 20. Bd4 Rfe8 21. Qh5 f6 22. h4 Qf7 23. Qf5 Qg6 24. Qd7 Qf7 25. Qd6 Rxe1+ 26. Rxe1 Re8 27. Rb1 Qe6 28. Qxe6+ Rxe6 29. Rb8+ Kf7 30. Ra8 Re1+ 31. Kg2 Bf1+ 32. Kf3 Be2+ 33. Ke3 Bc4+ 34. Kd2 Re2+ 35. Kc1 Re1+ 36. Kd2 Re2+ 37. Kd1 Ra2 38. Rxa5 Rxa4 39. Rc5 Ra1+ 40. Kd2 Ra2+ 41. Ke3 Re2+ 42. Kf3 Re7 43. h5 Be2+ 44. Kf4 Bxh5 45. g4 Bg6 46. Rxd5 Re4+ 47. Kg3 Re7 48. f3 Bd3 49. Rc5 Bf1 50. Kf2 Bd3 51. Rc8 Re2+ 52. Kg3 Rc2 53. f4 Be4 54. f5 Bd5 55. Rc7+ Kf8 56. Kf4 Rg2 57. c4 Bf7 58. Bc5+ Ke8 59. Re7+ Kd8 60. Rxf7 Rc2 61. Bf8 Rxc4+ 62. Kg3 Ke8 63. Rxg7 Kxf8 64. Rxh7 Rc1 65. Rd7 1-0


[Site "https://www.chess.com"]

[Event "Titled Tuesday Blitz February 28 Early 2023"]
[White "Janaszak, Dawid"]
[Black "Movahed, Sina"]
[WhiteFideId "1119206"]
[BlackFideId "42520835"]
[WhiteElo "2220"]
[BlackElo "2225"]
[Result "0-1"]
[Round "03"]
[TimeControl "180+2"]
[Date "2023.02.28"]
[WhiteClock "0:00:05"]
[BlackClock "0:00:18"]

1. e4 c5 2. Nc3 Nc6 3. Bb5 Nd4 4. Nf3 a6 5. Bd3 Nc6 6. O-O g6 7. Re1 d6 8. Nd5 Bg7 9. c3 Nf6 10. Bc2 Bg4 11. h3 Bxf3 12. Qxf3 Nd7 13. d3 e6 14. Ne3 O-O 15. Ng4 Kh8 16. Qg3 h5 17. Nh2 Kg8 18. Bg5 Qb6 19. Rab1 Rfe8 20. Kh1 d5 21. Nf3 d4 22. Bf4 Qa5 23. Bc7 Qxa2 24. Qd6 Nde5 25. Qxc5 Nxf3 26. gxf3 dxc3 27. e5 cxb2 28. Qb6 Qd5 29. Re4 Nxe5 30. Rxb2 Nxd3 31. Bb3 Qf5 0-1


[Site "https://www.chess.com"]

[Event "Titled Tuesday Blitz February 28 Early 2023"]
[White "Postma, Dinant"]
[Black "Sattarov, Bobir"]
[WhiteFideId "1018612"]
[BlackFideId "14203081"]
[WhiteElo "2567"]
[BlackElo "2351"]
[Result "1-0"]
[Round "03"]
[TimeControl "180+2"]
[Date "2023.02.28"]
[WhiteClock "0:00:17"]
[BlackClock "0:00:30"]

1. d4 Nf6 2. Bg5 Ne4 3. Bf4 d5 4. e3 c5 5. Bd3 cxd4 6. exd4 Nc6 7. Bxe4 dxe4 8. Ne2 e6 9. Nbc3 f5 10. d5 exd5 11. Qxd5 Qxd5 12. Nxd5 Kf7 13. Nc7 Rb8 14. O-O-O Be7 15. Nd5 Ra8 16. Nxe7 Nxe7 17. Rd6 Ng6 18. Rhd1 Be6 19. Bg3 Rac8 20. h4 h5 21. Kb1 Rhe8 22. Nf4 Nxf4 23. Bxf4 Rc6 24. Rxc6 bxc6 25. b3 Rc8 26. Kb2 Ke7 27. Bg5+ Kf7 28. Rd6 a5 29. a4 Bd5 30. Rd7+ Kf8 31. Ra7 e3 32. fxe3 Bxg2 33. Rxa5 Be4 34. Ra7 c5 35. Kc3 c4 36. b4 g6 37. b5 Rb8 38. Bf4 Rd8 39. b6 Ra8 40. Rxa8+ Bxa8 41. Kxc4 Ke7 42. a5 Kd7 43. a6 1-0


[Site "https://www.chess.com"]

[Event "Titled Tuesday Blitz February 28 Early 2023"]
[White "benny_aizenberg"]
[Black "Fernandez Guillen, Ernesto J."]
[BlackFideId "3512428"]
[WhiteElo "2564"]
[BlackElo "2423"]
[Result "1-0"]
[Round "03"]
[TimeControl "180+2"]
[Date "2023.02.28"]
[WhiteClock "0:00:05"]
[BlackClock "0:00:08"]

1. e4 e5 2. Nf3 Nc6 3. d4 exd4 4. Nxd4 g6 5. Nc3 Bg7 6. Be3 Nge7 7. Bc4 O-O 8. Qd2 Ne5 9. Bb3 c5 10. Nde2 c4 11. Ba4 a6 12. Nd5 Nxd5 13. Qxd5 d6 14. O-O Rb8 15. c3 Be6 16. Qd2 b5 17. Bc2 d5 18. Nf4 Ng4 19. exd5 Nxe3 20. Qxe3 Bc8 21. Rfe1 Bb7 22. Rad1 Qd6 23. Qe4 Rbd8 24. Qe7 Ba8 25. Qxd6 Rxd6 26. h4 Bf6 27. g3 Rfd8 28. Be4 a5 29. Bg2 b4 30. Re4 Rc8 31. Bf1 bxc3 32. bxc3 Bxc3 33. Rxc4 Rxc4 34. Bxc4 Kg7 35. Kg2 h6 36. Kf3 g5 37. hxg5 hxg5 38. Ne2 Be5 39. Ke4 Bf6 40. Nd4 Rd8 41. Nf5+ Kg6 42. g4 Re8+ 43. Kf3 Rc8 44. Bb3 Rc3+ 45. Ne3 Be5 46. Ke2 Rc8 47. Nf5 a4 48. Bxa4 Rc4 49. Bb3 Rxg4 50. Ne3 Rd4 51. Rxd4 Bxd4 52. Kd3 Bb6 53. Ke4 Bxe3 54. fxe3 f5+ 55. Ke5 Bb7 56. d6 Bc8 57. Be6 Bxe6 58. Kxe6 f4 59. d7 fxe3 60. d8=Q e2 61. Qf6+ Kh5 62. Qf3+ 1-0


[Site "https://www.chess.com"]

[Event "Titled Tuesday Blitz February 28 Early 2023"]
[White "Bews, Steven"]
[Black "Golubka, Petro"]
[WhiteFideId "2400529"]
[BlackFideId "14114224"]
[WhiteElo "2547"]
[BlackElo "2404"]
[Result "1-0"]
[Round "03"]
[TimeControl "180+2"]
[Date "2023.02.28"]
[WhiteClock "0:00:32"]
[BlackClock "0:00:16"]

1. e4 c5 2. Nf3 Nc6 3. d4 cxd4 4. Nxd4 Nf6 5. Nc3 e6 6. Ndb5 d6 7. Bf4 e5 8. Bg5 a6 9. Na3 b5 10. Nd5 Be7 11. Bxf6 Bxf6 12. c3 O-O 13. Nc2 Be6 14. Nce3 Bg5 15. h4 Bxe3 16. Nxe3 Ne7 17. Bd3 d5 18. exd5 Nxd5 19. Nxd5 Qxd5 20. Qe2 Rad8 21. Be4 Qc5 22. O-O Bc4 23. Qh5 g6 24. Qg5 f6 25. Qh6 Bxf1 26. Rxf1 Rd7 27. h5 g5 28. Bf5 Re7 29. Be4 Qc4 30. Re1 Qf7 31. Rd1 Qg7 32. Qxg7+ Kxg7 33. g4 a5 34. Rd5 Rb8 35. Kf1 Rc7 36. Ke2 b4 37. Rxa5 bxc3 38. bxc3 Rb2+ 39. Kf3 Rxc3+ 40. Kg2 Rb4 41. Ra7+ Kf8 42. Bf5 h6 43. Rh7 e4 44. Rxh6 Kf7 45. Rh7+ Kf8 46. Rh8+ Kf7 47. Rh7+ Kf8 48. h6 e3 49. Ra7 Rb2 50. h7 Rxf2+ 51. Kg3 1-0


[Site "https://www.chess.com"]

[Event "Titled Tuesday Blitz February 28 Early 2023"]
[White "Taboas Rodriguez, Daniel"]
[Black "Matinian, Nikita"]
[WhiteFideId "2208466"]
[BlackFideId "24129100"]
[WhiteElo "2365"]
[BlackElo "2422"]
[Result "1-0"]
[Round "03"]
[TimeControl "180+2"]
[Date "2023.02.28"]
[WhiteClock "0:00:19"]
[BlackClock "0:00:01"]

1. d4 c5 2. d5 e5 3. c4 d6 4. Nc3 Be7 5. Nf3 Nd7 6. e4 Nf8 7. h3 h5 8. Bd3 h4 9. a3 b6 10. Bc2 g5 11. Ba4+ Bd7 12. b4 f6 13. Bc6 Rc8 14. b5 Ng6 15. a4 Nh6 16. a5 Nf4 17. Bxf4 exf4 18. axb6 axb6 19. Ra7 Rc7 20. Qa4 Kf7 21. Kd2 Kg7 22. Ra1 Nf7 23. Rxc7 Qxc7 24. Qa7 Qxa7 25. Rxa7 Bxc6 26. dxc6 Bd8 27. c7 Bxc7 28. Rxc7 Ra8 29. Nd5 Ra2+ 30. Ke1 Ra1+ 31. Ke2 Ra2+ 32. Nd2 Kg6 33. Ne7+ Kh5 34. Nf5 Ne5 35. Nxd6 f3+ 36. gxf3 Ra3 37. Ne8 Kg6 38. Rg7+ Kh6 39. Rb7 Nd3 40. Rxb6 Nf4+ 41. Kd1 Nxh3 42. Nxf6 Nxf2+ 43. Ke2 Nd3 44. Ng4+ Kg7 45. Rb7+ Kg6 46. b6 h3 47. Rb8 Nf4+ 48. Kd1 Ra1+ 49. Kc2 Ra2+ 50. Kb3 Rxd2 51. b7 Rd3+ 52. Kc2 Rxf3 53. Rg8+ Kh5 54. Nf6+ Kh4 55. b8=Q h2 56. Rh8+ Kg3 57. Qc8 Rf2+ 58. Kb3 Rf3+ 59. Ka4 1-0


[Site "https://www.chess.com"]

[Event "Titled Tuesday Blitz February 28 Early 2023"]
[White "Subelj, Jan"]
[Black "Melikhov, Evgeny V."]
[WhiteFideId "14618583"]
[BlackFideId "4122046"]
[WhiteElo "2480"]
[BlackElo "2158"]
[Result "1-0"]
[Round "03"]
[TimeControl "180+2"]
[Date "2023.02.28"]
[WhiteClock "0:00:43"]
[BlackClock "0:00:12"]

1. d4 Nf6 2. Nf3 d5 3. Bf4 c5 4. e3 Nc6 5. Nbd2 cxd4 6. exd4 Bg4 7. c3 e6 8. Qb3 Bd6 9. Qxb7 Bxf4 10. Qxc6+ Kf8 11. Ne5 Bf5 12. Ndf3 g5 13. Qb7 Bg6 14. g3 Bxe5 15. Nxe5 Kg7 16. Qa6 Rb8 17. Nxg6 hxg6 18. Rb1 Rb6 19. Qxa7 Qd6 20. Qa4 Ne4 21. Qc2 g4 22. Bg2 Ng5 23. a4 f5 24. a5 Rb5 25. b4 Rc8 26. Qd2 Nf3+ 27. Bxf3 gxf3 28. O-O Kf6 29. Rfc1 g5 30. Qe3 g4 31. Qh6+ Kf7 32. Ra1 Rbb8 33. h4 Rh8 34. Qe3 Rh7 35. Qe5 Qxe5 36. dxe5 f4 37. a6 fxg3 38. fxg3 Ra8 39. b5 Kg6 40. b6 Kf5 41. b7 1-0


[Site "https://www.chess.com"]

[Event "Titled Tuesday Blitz February 28 Early 2023"]
[White "Spata, German"]
[Black "Nugumanov, Bakhtiyar"]
[WhiteFideId "113026"]
[BlackFideId "13701797"]
[WhiteElo "2238"]
[BlackElo "2209"]
[Result "0-1"]
[Round "03"]
[TimeControl "180+2"]
[Date "2023.02.28"]
[WhiteClock "0:00:08"]
[BlackClock "0:00:25"]

1. Nf3 Nf6 2. b3 g6 3. Bb2 Bg7 4. e3 O-O 5. Be2 c5 6. c4 Nc6 7. O-O b6 8. d4 cxd4 9. Nxd4 Bb7 10. Nc3 Nxd4 11. Qxd4 Rc8 12. Rad1 d6 13. Rc1 Qd7 14. Nd5 Ne8 15. Qd2 Bxb2 16. Qxb2 Bxd5 17. cxd5 Nf6 18. Qd4 Rxc1 19. Rxc1 Rc8 20. Rxc8+ Qxc8 21. Bc4 h5 22. h3 Qf5 23. a4 g5 24. f3 h4 25. Qd2 Qb1+ 26. Kh2 Nh5 27. Qd3 Qc1 28. Qf5 Qxe3 29. Qg4 Qe5+ 30. Kg1 Ng3 31. f4 Qe1+ 32. Kh2 Qh1# 0-1


[Site "https://www.chess.com"]

[Event "Titled Tuesday Blitz February 28 Early 2023"]
[White "Kuchava, Ana"]
[Black "Starozhilov, Leonid"]
[WhiteFideId "13605348"]
[BlackFideId "14106752"]
[WhiteElo "2001"]
[BlackElo "2414"]
[Result "0-1"]
[Round "03"]
[TimeControl "180+2"]
[Date "2023.02.28"]
[WhiteClock "0:00:52"]
[BlackClock "0:02:32"]

1. d4 Nf6 2. Nf3 g6 3. c4 Bg7 4. Nc3 O-O 5. e4 d6 6. Be2 Bg4 7. O-O a6 8. Be3 Nfd7 9. Qd2 e5 10. Rad1 Nc6 11. dxe5 dxe5 12. h3 Bxf3 13. Qxd7 Bxe2 14. Nxe2 Nd4 15. Qg4 h5 0-1


[Site "https://www.chess.com"]

[Event "Titled Tuesday Blitz February 28 Early 2023"]
[White "Thorhallsson, Simon"]
[Black "Fedoseev, Vladimir"]
[WhiteFideId "2310090"]
[BlackFideId "24130737"]
[WhiteElo "2108"]
[BlackElo "2752"]
[Result "0-1"]
[Round "03"]
[TimeControl "180+2"]
[Date "2023.02.28"]
[WhiteClock "0:00:09"]
[BlackClock "0:00:56"]

1. e4 c5 2. Nc3 d6 3. d4 cxd4 4. Qxd4 Nc6 5. Qd2 Nf6 6. b3 a6 7. Bb2 b5 8. f3 Bb7 9. O-O-O e6 10. Kb1 Rc8 11. Bd3 h5 12. Nh3 Be7 13. Ng5 Qc7 14. h4 Ne5 15. Rc1 d5 16. exd5 Nxd5 17. Nxd5 Bxd5 18. Rhe1 Bf6 19. Bxb5+ axb5 20. f4 Nc4 21. Qxd5 Nxb2 22. Nxe6 fxe6 23. Rxe6+ Kf8 24. Qf5 Qc3 25. Rce1 Nd3 26. Rxf6+ gxf6 0-1


[Site "https://www.chess.com"]

[Event "Titled Tuesday Blitz February 28 Early 2023"]
[White "Jaskolka, Tomasz"]
[Black "Yilmaz, Mustafa"]
[WhiteFideId "1170791"]
[BlackFideId "6302718"]
[WhiteElo "2155"]
[BlackElo "2523"]
[Result "0-1"]
[Round "03"]
[TimeControl "180+2"]
[Date "2023.02.28"]
[WhiteClock "0:00:13"]
[BlackClock "0:00:06"]

1. d4 Nf6 2. Bf4 d6 3. Nc3 Nbd7 4. Nf3 c5 5. e3 Nh5 6. Bg5 h6 7. Bh4 g5 8. Bg3 Bg7 9. Bc4 cxd4 10. exd4 Ndf6 11. Qd3 a6 12. a4 Bd7 13. Ne4 Nxe4 14. Qxe4 f5 15. Qxb7 f4 16. Qd5 e6 17. Qxd6 Qe7 18. Qxe7+ Kxe7 19. c3 Rab8 20. b4 Rhc8 21. Bxa6 Rxc3 22. b5 Rxf3 23. gxf3 Bxd4 24. Rd1 e5 25. Ke2 Be6 26. Rc1 Nf6 27. h4 g4 28. Rc7+ Kd6 29. Rc6+ Kd7 30. Bxf4 exf4 31. Rd1 gxf3+ 32. Ke1 Rg8 33. Rxd4+ Ke7 34. Rdd6 Rg1+ 35. Kd2 Ne4+ 36. Kd3 Nxd6 37. Rc7+ Kf6 38. Rc6 Ke5 39. Rc5+ Bd5 40. b6 Rd1+ 41. Kc2 Ra1 42. b7 Nxb7 43. Bxb7 Ra2+ 44. Kc3 Rxf2 45. Rxd5+ Ke6 46. a5 Ra2 47. a6 f2 48. Rd1 Kf5 49. Kb3 Ra5 50. Rf1 Kg4 51. Rxf2 Kg3 52. Rf3+ Kg4 53. Rf2 Kg3 54. Rf3+ Kg4 55. Kb4 Rxa6 56. Rf2 Rb6+ 57. Kc5 Rxb7 58. Kd5 Re7 59. Kd6 Re1 60. Rh2 Kg3 61. Kd5 Kxh2 0-1


[Site "https://www.chess.com"]

[Event "Titled Tuesday Blitz February 28 Early 2023"]
[White "Turzo, Attila"]
[Black "Van Foreest, Jorden"]
[WhiteFideId "704954"]
[BlackFideId "1039784"]
[WhiteElo "2528"]
[BlackElo "2633"]
[Result "1-0"]
[Round "03"]
[TimeControl "180+2"]
[Date "2023.02.28"]
[WhiteClock "0:00:12"]
[BlackClock "0:01:10"]

1. e4 g6 2. d4 Bg7 3. Nf3 d6 4. c3 a6 5. Bd3 b6 6. O-O Bb7 7. Re1 Nd7 8. Nbd2 e5 9. Nf1 Ngf6 10. Ng3 O-O 11. d5 b5 12. a4 c6 13. axb5 axb5 14. Rxa8 Qxa8 15. dxc6 Bxc6 16. Qe2 Qb7 17. h3 Ra8 18. Bg5 h6 19. Bd2 Ra2 20. Bc1 Nc5 21. Bb1 Ra1 22. Bc2 b4 23. Bd2 Rxe1+ 24. Qxe1 b3 25. Bb1 Nfxe4 26. Nxe4 Nxe4 27. Be3 f5 28. Qe2 d5 29. Bc1 Bb5 30. Qe3 Qa6 31. Bxe4 fxe4 32. Nh4 Bd3 33. Kh2 d4 34. cxd4 exd4 35. Qg3 Kh7 36. Qc7 Qe6 37. Bf4 e3 38. fxe3 dxe3 39. Nf3 Bf5 40. Bxh6 Qf6 41. Bxg7 Qxg7 42. Qxg7+ Kxg7 43. Kg3 Be4 44. Kf4 Bd5 45. Kxe3 Kf6 46. g3 Be6 47. h4 Bc8 48. Kf4 Bb7 49. Nd4 Bd5 50. g4 Bf7 51. g5+ Ke7 52. Ke5 Kd7 53. Kf6 Be8 54. Nf3 Kd6 55. Ne5 Kd5 56. Nxg6 1-0


[Site "https://www.chess.com"]

[Event "Titled Tuesday Blitz February 28 Early 2023"]
[White "Ljukin, Sergei"]
[Black "Chigaev, Maksim"]
[WhiteFideId "14102200"]
[BlackFideId "4108116"]
[WhiteElo "2312"]
[BlackElo "2547"]
[Result "0-1"]
[Round "03"]
[TimeControl "180+2"]
[Date "2023.02.28"]
[WhiteClock "0:00:11"]
[BlackClock "0:01:19"]

1. e4 c6 2. d4 d5 3. e5 Bf5 4. Nd2 e6 5. Nb3 Nd7 6. Nf3 h6 7. Be2 Ne7 8. O-O Qc7 9. a4 g5 10. h3 Bg7 11. Nh2 O-O-O 12. f4 f6 13. Nf3 Kb8 14. exf6 Bxf6 15. fxg5 hxg5 16. Nxg5 Rdg8 17. Nxe6 Rxg2+ 18. Kxg2 Bxh3+ 19. Kf2 Bxe6 20. Bf3 Qh2+ 21. Bg2 Bh4+ 0-1


[Site "https://www.chess.com"]

[Event "Titled Tuesday Blitz February 28 Early 2023"]
[White "Zhigalko, Sergei"]
[Black "Kodinets, Konstantin L."]
[WhiteFideId "13502956"]
[BlackFideId "4122011"]
[WhiteElo "2626"]
[BlackElo "2447"]
[Result "1-0"]
[Round "03"]
[TimeControl "180+2"]
[Date "2023.02.28"]
[WhiteClock "0:00:04"]
[BlackClock "0:00:04"]

1. e4 e5 2. Nf3 d6 3. d4 exd4 4. Qxd4 Nf6 5. Nc3 Be7 6. Bg5 h6 7. Bh4 Nc6 8. Bb5 O-O 9. Bxc6 bxc6 10. O-O Nd7 11. Bxe7 Qxe7 12. Rfe1 a5 13. Rad1 Nb6 14. e5 d5 15. Qf4 a4 16. h3 Be6 17. Rd3 c5 18. Nh2 Qg5 19. Qxg5 hxg5 20. Rg3 Bf5 21. Rc1 f6 22. exf6 gxf6 23. h4 Kf7 24. hxg5 Rg8 25. Nf3 c6 26. Ne2 fxg5 27. Rxg5 Rxg5 28. Nxg5+ Kf6 29. f4 Nc4 30. b3 Ne3 31. Kf2 d4 32. b4 cxb4 33. Nxd4 Ng4+ 34. Kg1 c5 35. Nb5 Rd8 36. c3 b3 37. axb3 axb3 38. Na3 Rd2 39. Nc4 Rc2 40. Re1 Rxc3 41. Nd2 Rc2 42. Nxb3 Bc8 43. Ne4+ Kf5 44. Nd6+ Kxf4 45. Nxc8 Ne3 46. Kh1 Nxg2 47. Rf1+ Kg3 48. Nd6 Ne3 49. Ne4+ Kg4 50. Nf6+ Kg5 51. Ne4+ Kg4 52. Re1 Kf3 53. Ng5+ Kf2 54. Ra1 c4 55. Nd4 Rd2 56. Ne4# 1-0


[Site "https://www.chess.com"]

[Event "Titled Tuesday Blitz February 28 Early 2023"]
[White "Lehtosaari, Mauri"]
[Black "Perez Ponsa, Federico"]
[WhiteFideId "501999"]
[BlackFideId "117927"]
[WhiteElo "2527"]
[BlackElo "2592"]
[Result "0-1"]
[Round "03"]
[TimeControl "180+2"]
[Date "2023.02.28"]
[WhiteClock "0:00:01"]
[BlackClock "0:00:17"]

1. d4 Nf6 2. Nf3 g6 3. Bg5 Bg7 4. c3 O-O 5. Nbd2 d6 6. e4 c5 7. dxc5 dxc5 8. Bc4 Nc6 9. O-O Qc7 10. Qe2 Rd8 11. h3 Na5 12. Bd3 Nh5 13. Bc2 Nf4 14. Qe3 Ne6 15. Rfd1 Nxg5 16. Qxg5 Be6 17. Qe3 h6 18. b3 Rd7 19. Nf1 Rad8 20. Rxd7 Rxd7 21. Rd1 b6 22. Rxd7 Qxd7 23. e5 Nc6 24. Ng3 Bd5 25. Ne4 Qc7 26. c4 Bxe4 27. Qxe4 Bxe5 28. h4 h5 29. Ng5 Bf6 30. g3 Bxg5 31. hxg5 Nd4 32. Bd3 Qd8 33. Qe5 Qd6 34. Qe4 Ne6 35. Qa8+ Kg7 36. Qe4 Nxg5 37. Qe3 Qf6 38. Kg2 Ne6 39. Be2 Nd4 40. Bd1 h4 0-1


[Site "https://www.chess.com"]

[Event "Titled Tuesday Blitz February 28 Early 2023"]
[White "Boros, Denes"]
[Black "Ibadov, Dashgyn"]
[WhiteFideId "722340"]
[BlackFideId "24107514"]
[WhiteElo "2464"]
[BlackElo "2208"]
[Result "1-0"]
[Round "03"]
[TimeControl "180+2"]
[Date "2023.02.28"]
[WhiteClock "0:02:55"]
[BlackClock "0:02:32"]

1. d4 d5 2. Nc3 Nf6 3. Nf3 c6 4. Bg5 Nbd7 5. Qd3 e6 6. e4 dxe4 7. Nxe4 Be7 8. h4 h6 9. Bf4 Nxe4 10. Qxe4 Qa5+ 11. c3 Qc5 12. dxc5 1-0


[Site "https://www.chess.com"]

[Event "Titled Tuesday Blitz February 28 Early 2023"]
[White "Ilkhomi, Jaloliddin"]
[Black "Bharath Subramaniyam H"]
[WhiteFideId "14700948"]
[BlackFideId "46634827"]
[WhiteElo "2045"]
[BlackElo "2395"]
[Result "0-1"]
[Round "03"]
[TimeControl "180+2"]
[Date "2023.02.28"]
[WhiteClock "0:00:02"]
[BlackClock "0:00:14"]

1. Nf3 c5 2. c4 g6 3. g3 Bg7 4. Bg2 Nc6 5. Nc3 e5 6. d3 d6 7. O-O Nge7 8. a3 a5 9. Rb1 O-O 10. Nd2 f5 11. Nd5 Be6 12. Nxe7+ Qxe7 13. Nf3 h6 14. Bd2 g5 15. b4 cxb4 16. axb4 e4 17. Ne1 axb4 18. Bxb4 Nxb4 19. Rxb4 d5 20. Qb3 dxc4 21. dxc4 Rac8 22. Nc2 b5 23. Na3 bxc4 24. Nxc4 Rfd8 25. Rc1 Qf7 26. Bf1 e3 27. fxe3 Rc5 28. Qa4 Qc7 29. e4 Bd4+ 30. Kg2 fxe4 31. e3 Bxe3 32. Re1 Bd4 33. Ne3 Bc3 34. Rxe4 Bxe1 35. Rxe6 Qb7+ 36. Kg1 Qf3 37. Qe4 Bf2# 0-1


[Site "https://www.chess.com"]

[Event "Titled Tuesday Blitz February 28 Early 2023"]
[White "Orozbaev, Eldiar"]
[Black "Derjabin, Ilja"]
[WhiteFideId "13802240"]
[BlackFideId "14104768"]
[WhiteElo "2201"]
[BlackElo "2309"]
[Result "0-1"]
[Round "03"]
[TimeControl "180+2"]
[Date "2023.02.28"]
[WhiteClock "0:00:54"]
[BlackClock "0:01:20"]

1. e4 e6 2. d4 d5 3. Nc3 Nf6 4. e5 Ne4 5. f4 Qh4+ 6. g3 Nxg3 7. Nf3 Qh5 8. hxg3 Qxh1 9. Be3 Bd7 10. Qe2 Qh5 11. O-O-O f5 12. exf6 gxf6 13. Bg2 Nc6 14. Rh1 Qf7 15. Qf2 O-O-O 16. Ne2 Bd6 17. Rh6 Rdg8 18. Qg1 Ne7 19. Bf2 Nf5 20. Rh1 h5 21. Qe1 h4 22. Kb1 hxg3 23. Rxh8 Rxh8 24. Nxg3 Nxg3 25. Bxg3 Qg6 26. Bf1 Rh1 27. Nd2 Bb4 0-1


[Site "https://www.chess.com"]

[Event "Titled Tuesday Blitz February 28 Early 2023"]
[White "Filgueira, Hernan"]
[Black "Yuan, Qingyu"]
[WhiteFideId "101770"]
[BlackFideId "8609772"]
[WhiteElo "2363"]
[BlackElo "2359"]
[Result "1/2-1/2"]
[Round "03"]
[TimeControl "180+2"]
[Date "2023.02.28"]
[WhiteClock "0:00:49"]
[BlackClock "0:00:14"]

1. c4 e6 2. Nc3 d5 3. d4 Be7 4. cxd5 exd5 5. Bf4 c6 6. e3 Bf5 7. Nge2 Nd7 8. Ng3 Bg6 9. Be2 Ngf6 10. h4 h6 11. h5 Bh7 12. Bd3 Nf8 13. Bxh7 N6xh7 14. Nf5 Ne6 15. Bg3 Bb4 16. Qb3 Qb6 17. a3 Be7 18. Qc2 Nf6 19. Bd6 Bxd6 20. Nxd6+ Kf8 21. Nf5 Re8 22. O-O-O Ng5 23. f3 Qd8 24. Qf2 Qd7 25. g4 b5 26. Kb1 a5 27. Rc1 Kg8 28. Rhf1 Re6 29. Ne2 Kh7 30. Nf4 Rhe8 1/2-1/2


[Site "https://www.chess.com"]

[Event "Titled Tuesday Blitz February 28 Early 2023"]
[White "Peng, Li Min"]
[Black "Mayank Chakraborty"]
[WhiteFideId "14112620"]
[BlackFideId "25659766"]
[WhiteElo "2436"]
[BlackElo "2103"]
[Result "0-1"]
[Round "03"]
[TimeControl "180+2"]
[Date "2023.02.28"]
[WhiteClock "0:00:02"]
[BlackClock "0:00:03"]

1. e4 c5 2. Nc3 Nc6 3. f4 d6 4. Nf3 g6 5. Bc4 Bg7 6. d3 Nf6 7. O-O O-O 8. Qe1 Nd4 9. Qh4 Nxc2 10. f5 Nxa1 11. fxg6 e6 12. gxf7+ Rxf7 13. Ng5 b5 14. Nxf7 Kxf7 15. Bg5 bxc4 16. Bxf6 Bxf6 17. e5 dxe5 18. Ne4 Kg7 19. Rxf6 Bb7 20. Qh6+ Kg8 21. Ng5 Qd4+ 22. Kh1 Qxd3 23. h4 Qc2 24. Rf8+ Rxf8 25. Qxe6+ Kg7 26. Qe7+ Kg8 27. Qe6+ Kg7 28. Qe7+ Kh6 29. Qxf8+ Kh5 30. Qf7+ Kxh4 31. Qxb7 Qc1+ 32. Kh2 Qf4+ 33. g3+ Qxg3+ 34. Kh1 Qe1+ 35. Kg2 Qd2+ 36. Kf1 Kxg5 0-1


[Site "https://www.chess.com"]

[Event "Titled Tuesday Blitz February 28 Early 2023"]
[White "Reprintsev, Alexander"]
[Black "Pakleza, Zbigniew"]
[WhiteFideId "14100541"]
[BlackFideId "1119290"]
[WhiteElo "2250"]
[BlackElo "2410"]
[Result "1-0"]
[Round "03"]
[TimeControl "180+2"]
[Date "2023.02.28"]
[WhiteClock "0:00:17"]
[BlackClock "0:00:02"]

1. e4 d6 2. d4 Nf6 3. Nc3 c6 4. Be2 b5 5. Qd3 e5 6. f4 exd4 7. Qxd4 Nbd7 8. Be3 Bb7 9. Bf3 c5 10. Qd3 b4 11. Nd5 Nxd5 12. exd5 Be7 13. O-O-O O-O 14. Nh3 a5 15. Rhe1 Ba6 16. Qf5 a4 17. Ng5 Nf6 18. h4 Re8 19. Kb1 c4 20. Bd4 Bc8 21. Ne6 fxe6 22. dxe6 Ra5 23. Qh3 c3 24. g4 cxb2 25. g5 Nd5 26. Bxd5 Rxd5 27. Bxb2 Rxd1+ 28. Rxd1 b3 29. axb3 axb3 30. Qxb3 Qa5 31. Bc3 Qf5 32. Qa4 Rf8 33. Qd4 Bf6 34. gxf6 Rxf6 35. e7 Qb5+ 36. Kc1 Bf5 37. Qd5+ Qxd5 38. Rxd5 Re6 39. Rxf5 Rxe7 40. Rd5 Re3 41. Bd2 Rh3 42. Rxd6 Rxh4 43. c4 h5 44. c5 Rh1+ 45. Kc2 Ra1 46. c6 Ra6 47. Bc3 h4 48. c7 Rxd6 49. c8=Q+ Kh7 50. Qg4 Rg6 51. Qxh4+ Kg8 52. Qe7 Rg2+ 53. Kb3 Kh7 54. f5 Rg4 55. f6 Kg8 56. f7+ Kh7 57. f8=Q Rg6 58. Qef7 Rb6+ 59. Kc2 Rg6 60. Qxg6+ Kxg6 61. Qxg7+ Kh5 62. Kd3 1-0


[Site "https://www.chess.com"]

[Event "Titled Tuesday Blitz February 28 Early 2023"]
[White "Ozen, Bahadir"]
[Black "Martic, Ivan"]
[WhiteFideId "6337058"]
[BlackFideId "929301"]
[WhiteElo "2503"]
[BlackElo "2360"]
[Result "1-0"]
[Round "03"]
[TimeControl "180+2"]
[Date "2023.02.28"]
[WhiteClock "0:00:18"]
[BlackClock "0:00:05"]

1. g3 g6 2. Bg2 Bg7 3. d4 d5 4. Nf3 Nf6 5. c4 O-O 6. O-O c6 7. b3 Ne4 8. Bb2 dxc4 9. bxc4 c5 10. Qc2 Nf6 11. d5 Na6 12. Nc3 e6 13. e4 exd5 14. exd5 Bf5 15. Qb3 Nb4 16. Ne1 Re8 17. a3 Rxe1 18. axb4 Rxf1+ 19. Bxf1 Nd7 20. Na4 Bxb2 21. Qxb2 b6 22. bxc5 bxc5 23. Re1 Rb8 24. Qc3 h5 25. h3 Rb7 26. Bg2 Rb1 27. Rxb1 Bxb1 28. Qb2 Bd3 29. Qb3 Bf5 30. Qb5 Qc7 31. h4 Bc2 32. Nc3 Kg7 33. Qb2 Bd3 34. Bh3 Nf6 35. Nb5 Qe7 36. Qc3 Qe2 37. Nd6 Qd1+ 38. Kg2 Qc2 39. Ne8+ Kf8 40. Qxc2 Bxc2 41. Nxf6 a5 42. Bd7 a4 43. Bxa4 Bxa4 44. Ne4 Bb3 45. Nd2 Ba2 46. Kf3 Ke7 47. Ke3 Kd6 48. f4 f6 49. Ne4+ Ke7 50. Nd2 Kd6 51. Kd3 Kc7 52. Kc3 f5 53. Kb2 Bxc4 54. Nxc4 Kd7 55. Kb3 Ke7 56. Ka4 g5 57. Ka5 gxh4 58. gxh4 Kf6 59. Kb6 1-0


[Site "https://www.chess.com"]